 Dungeon Crawl Stone Soup version 0.26-a0-810-ge1a9524b62 (webtiles) character file.

Game seed: 5074397694412702748

2842 AmmoniaM the Basher (level 9, 0/77 HPs)
             Began as a Minotaur Fighter on Nov 12, 2020.
             Slain by a gnoll
             ... wielding a +0 spear
              (4 damage)
             ... on level 7 of the Dungeon.
             The game lasted 00:10:58 (11261 turns).

AmmoniaM the Basher (Minotaur Fighter)             Turns: 11261, Time: 00:10:59

Health: 0/77       AC:  8    Str: 24 (25) XL:     9   Next: 46%
Magic:  8/8        EV: 11    Int:  0 (3)  God:
Gold:   312        SH: 12    Dex: 14 (15) Spells: 8/8 levels left

rFire    . . .     SeeInvis .   v - +2 flail (protect)
rCold    . . .     Faith    .   c - +1 kite shield
rNeg     . . .     Spirit   .   b - +0 scale mail
rPois    .         Reflect  .   (helmet restricted)
rElec    .         Harm     .   (no cloak)
rCorr    .         Rampage  .   (no gloves)
MR       .....                  (no boots)
Stlth    ..........             n - amulet of the acrobat
HPRegen  0.22/turn              l - +6 ring of dexterity
MPRegen  0.11/turn              (no ring)

@: lethally poisoned (0 -> -1), slowed, lost intelligence, very slow
A: retaliatory headbutt, hooves 1, horns 2, dopey 1
a: no special abilities


You were on level 7 of the Dungeon.
You visited 1 branch of the dungeon, and saw 7 of its levels.

You collected 312 gold pieces.

Inventory:

Hand Weapons
 a - a +0 trident
 r - a +2 mace of venom
 v - a +2 flail of protection (weapon)
Armour
 b - a +0 scale mail (worn)
 c - a +1 kite shield (worn)
Jewellery
 l - a +6 ring of dexterity (left hand)
 n - an amulet of the acrobat (around neck)
 C - an uncursed ring of protection from fire {unknown}
Wands
 q - a wand of acid (6)
 y - a wand of paralysis (6)
 z - a wand of enslavement (6)
Scrolls
 g - 7 scrolls of identify
 k - a scroll of blinking
 m - a scroll of immolation
 o - a scroll of fog
 t - 2 scrolls of remove curse
 x - a scroll of fear
 D - a scroll of teleportation
Potions
 d - 2 potions of might
 e - 2 potions of cancellation
 f - 2 potions of flight
 j - 2 potions of attraction
 p - a potion of degeneration
 s - 3 potions of curing


   Skills:
 + Level 6.3 Fighting
 + Level 8.5 Maces & Flails
 + Level 5.2 Polearms
 + Level 7.7 Armour
 + Level 3.7 Dodging
 + Level 1.5 Stealth
 + Level 7.9 Shields


You had 8 spell levels left.
You didn't know any spells.
Your spell library contained the following spells:

 Spells                   Type           Power        Failure   Level
 Sting                    Tmut/Pois      #...         99%         1
 Poisonous Vapours        Pois/Air       #.....       99%         2
 Ignite Poison            Fire/Tmut/Pois #.......     100%        3
 Mephitic Cloud           Conj/Pois/Air  #.......     100%        3
 Olgreb's Toxic Radiance  Pois           #.......     100%        4


Dungeon Overview and Level Annotations

Branches:
Dungeon (7/15)             Temple (0/1) D:7

Altars:
Ashenzari
Ru
Wu Jian
The Shining One

Annotations:
D:7 Maggie


Innate Abilities, Weirdness & Mutations

You reflexively headbutt those who attack you in melee.
You have a pair of horns on your head.
You have large cloven feet.
You are dopey. (Int -2)


Message History

The worker ant bites you but does no damage.
The gnoll hits you from afar with a +0 vorpal spear.
* * * LOW HITPOINT WARNING * * *
x2 The gnoll hits you from afar with a +0 spear!
* * * LOW HITPOINT WARNING * * *
The gnoll completely misses you. Maggie misses you.
You block the gnoll's attack. The gnoll closely misses you.
You block the worker ant's attack. The gnoll completely misses you.
You feel sick. Maggie completely misses you.
The worker ant bites you but does no damage.
Maggie completely misses you.
Found a wand of paralysis (9).
You feel sick.
A hound comes into view.
You block the worker ant's attack. You block the gnoll's attack.
The hound moves out of view.
There is a staircase to the Ecumenical Temple here.
You block the worker ant's attack. The gnoll misses you.
The gnoll hits you from afar with a +0 spear.
You die...

#.............
###.............
#................
#..<[............
#................
#..)....#.#.....
#....#.†.@#g#.#..
#...####†#g#.#.#
#... #..#B@.#.
#... #..#.#.#.#
.... #...#.#.#.h
...
/.....#.#....#
....... ......#
........ .......
....... .##..
..... .


You could see Maggie, a hound (wandering), a worker ant and 2 gnolls.

Vanquished Creatures
  Pikel (D:5)
  Edmund (D:5)
  Menkaure (D:6)
  An orc warrior (D:6)
  An ice beast (D:5)
  7 ogres
  2 phantoms
  A centaur (D:6)
  2 lemures (D:5)
  A wyvern zombie (D:3)
  3 scorpions
  6 killer bees (D:6)
  A howler monkey (D:5)
  A jelly (D:5)
  A bullfrog skeleton (D:4)
  A gnoll shaman (D:7)
  2 worker ants (D:5)
  An iguana (D:7)
  2 orc wizards
  A worker ant zombie (D:5)
  Robin (D:4)
  13 gnolls
  10 adders
  2 white imps (D:5)
  2 oozes
  An adder skeleton (D:5)
  4 worms
  21 orcs
  4 giant cockroaches
  19 goblins
  8 hobgoblins
  2 jackals (D:3)
  5 kobolds
  4 quokkas
  2 ball pythons (D:2)
  A ball python skeleton (D:4)
  12 bats
  5 frilled lizards
  A leopard gecko skeleton (D:5)
  4 rats
158 creatures vanquished.

Notes
Turn   | Place    | Note
-------+----------+-------------------------------------------
     0 | D:1      | AmmoniaM the Minotaur Fighter began the quest for the Orb.
     0 | D:1      | Reached XP level 1. HP: 19/19 MP: 0/0
    92 | D:1      | Reached XP level 2. HP: 27/27 MP: 1/1
   813 | D:2      | Reached XP level 3. HP: 27/33 MP: 2/2
   970 | D:2      | Found a sacrificial altar of Ru.
  1020 | D:2      | Reached XP level 4. HP: 41/41 MP: 3/3
  1580 | D:3      | Found a glowing drain.
  1690 | D:3      | Reached XP level 5. HP: 44/47 MP: 4/4
  1932 | D:3      | Reached skill level 1 in Dodging
  2633 | D:4      | Found an ornate altar of the Wu Jian Council.
  2818 | D:4      | Reached skill level 5 in Shields
  2828 | D:4      | Reached XP level 6. HP: 45/55 MP: 5/5
  2835 | D:4      | Reached skill level 5 in Fighting
  3024 | D:4      | Found a broken altar of Ashenzari.
  3058 | D:4      | Reached skill level 5 in Armour
  3205 | D:4      | Reached skill level 1 in Stealth
  3238 | D:4      | Reached skill level 5 in Polearms
  3506 | D:4      | Noticed Robin
  3520 | D:4      | Killed Robin
  3639 | D:4      | Reached skill level 1 in Maces & Flails
  3639 | D:4      | Reached XP level 7. HP: 43/61 MP: 6/6
  3773 | D:4      | HP: 3/61 [ogre/+0 giant spiked club (8)]
  3777 | D:4      | Reached skill level 2 in Maces & Flails
  4147 | D:4      | Found a glowing golden altar of the Shining One.
  4315 | D:4      | Reached skill level 3 in Maces & Flails
  4452 | D:5      | Entered Level 5 of the Dungeon
  4544 | D:5      | Reached skill level 4 in Maces & Flails
  4643 | D:5      | Reached XP level 8. HP: 70/70 MP: 7/7
  4731 | D:5      | Reached skill level 5 in Maces & Flails
  4856 | D:5      | Noticed Edmund
  4873 | D:5      | Killed Edmund
  5009 | D:5      | Noticed Pikel
  5036 | D:5      | Killed Pikel
  5036 | D:5      | Reached skill level 7 in Maces & Flails
  5520 | D:5      | Reached XP level 9. HP: 69/75 MP: 8/8
  5786 | D:6      | Noticed Menkaure
  5790 | D:6      | Killed Menkaure
  5921 | D:6      | Reached skill level 8 in Maces & Flails
  6628 | D:7      | Found a staircase to the Ecumenical Temple.
  6633 | D:7      | Noticed Maggie
  7535 | D:6      | Lost intelligence.
  7535 | D:6      | Gained mutation: You are dopey. (Int -2) [potion of
                  | mutation]
  7535 | D:6      | Gained mutation: You have large cloven feet. [potion of
                  | mutation]
 11260 | D:7      | HP: 3/77 [poisoned by a worker ant]
 11261 | D:7      | Slain by a gnoll

Illustrated notes

Levels and vault maps discovered:
D:1:      sevenhm_arrival_forest_fort_large_2, layout_loops_ring, st_stairs_6
D:2:      minmay_spotlight, layout_rooms, hangedman_ru_absence
D:3:      layout_basic, serial_aquarium, aquarium_bridge_square
          [aquarium_subvault_bridge, aquarium_subvault_bridge,
          aquarium_subvault_wall, aquarium_subvault_window],
          aquarium_window_corner, aquarium_window_1, aquarium_window_2,
          aquarium_window_1, aquarium_view_2e, aquarium_view_2b,
          aquarium_balcony_5b, cheibrodos_sewer_entry_sluice
D:4:      layout_basic, nicolae_overflow_crystal_walls, tso_altar,
          evilmike_ruin_ashenzari, uniq_robin
D:5:      minmay_razor_zed, layout_basic, kennysheep_generic_room_5, uniq_pikel,
          uniq_edmund
D:6:      layout_loops_corners, glass_columns_a, hex_medium, uniq_menkaure
D:7:      cheibrodos_wizards_tower, layout_cave_pools, minmay_temple_entry_grid,
          gammafunk_ghost_necromancy, uniq_maggie, uniq_harold

Skill      XL: |  1  2  3  4  5  6  7  8  9 |
---------------+----------------------------+-----
Shields        | 4 5 7 |  7.9
Fighting       | 4 5 6 |  6.3
Polearms       | 3 4 5 |  5.2
Armour         | 4 5 6 7 |  7.7
Dodging        | 1 3 |  3.7
Stealth        | 1 |  1.5
Maces & Flails | 1 4 7 8 |  8.5

Action                   |  1- 3 |  4- 6 |  7- 9 || total
-------------------------+-------+-------+-------++-------
Melee: Trident           |    70 |   187 |       ||   257
       Headbutt          |     7 |    38 |    50 ||    95
       Mace              |       |    34 |    77 ||   111
       Flail             |       |       |   122 ||   122
       Kick              |       |       |     1 ||     1
  Use: Scroll            |       |     8 |     4 ||    12
       Potion            |       |       |    10 ||    10
Armor: Scale mail        |    22 |    51 |    68 ||   141
Dodge: Dodged            |    16 |    52 |   120 ||   188
Block: Kite shield       |    14 |    99 |   163 ||   276

Table legend: (Time is in decaauts)
 A = Elapsed time spent in this place.
 B = Non-inter-level travel time spent in this place.
 C = Inter-level travel time spent in this place.
 D = Time resting spent in this place.
 E = Time spent auto-exploring this place.
 F = Levels seen in this place.
 G = Mean time per level.
                   A        B        C        D        E       F      G
               +--------+--------+--------+--------+--------+-----+--------+
         Total |  13232 |  13005 |    227 |   7038 |   4651 |   7 | 1890.3 |
       Dungeon |  13232 |  13005 |    227 |   7038 |   4651 |   7 | 1890.3 |
               +--------+--------+--------+--------+--------+-----+--------+

Top non-repeatable levels by time:
     D:6: 7395 daAuts
     D:4: 1858 daAuts
     D:5: 1270 daAuts
     D:3: 1241 daAuts
     D:1: 776 daAuts
     D:2: 652 daAuts
     D:7: 38 daAuts
